 Dungeon Sprint DCSS version 0.27.1-1-g398f81649c (webtiles) character file.

Game seed: 7407482335017584178

1554 styxcanada the Unseen (level 8, -4/44 HPs)
             Began as a Spriggan Brigand on Sept 16, 2021.
             Was an Initiate of Gozag.
             Slain by a deep troll (15 damage)
             ... in the Dungeon (Sprint VII: "The Pits").
             The game lasted 00:10:58 (1405 turns).

styxcanada the Unseen (Spriggan Brigand)            Turns: 1405, Time: 00:10:59

Health: -4/44      AC:  3    Str: 13    XL:     8   Next: 57%
Magic:  9/9        EV: 24    Int: 12    God:    Gozag
Gold:   1917       SH:  0    Dex: 19    Spells: 7/7 levels left

rFire    . . .     SeeInvis +   u - +2 scimitar (holy)
rCold    . . .     Faith    .   (shield restricted)
rNeg     . . .     Spirit   .   b - +0 robe
rPois    .         Reflect  .   (helmet restricted)
rElec    .         Harm     .   c - +0 cloak
rCorr    .         Rampage  .   (gloves unavailable)
Will     +....     NoTele   +   (boots unavailable)
Stlth    +++++++...             (no amulet)
HPRegen  0.14/turn              e - +3 ring of strength
MPRegen  0.11/turn              j - +3 ring of strength

@: very slightly contaminated, invisible, very quick
A: very small, no large weapons, unfitting armour, see invisible, speed 3
a: Renounce Religion, Potion Petition, Call Merchant, Bribe Branch


You were in the Dungeon.
You worshipped Gozag.
Gozag was most pleased with you.
You visited 1 branch You collected 1917 gold pieces.

Inventory:

Hand Weapons
 a - a +2 dagger
 l - a +2 hand axe of venom
 p - a +1 hand axe of freezing
 u - a +2 scimitar of holy wrath (weapon)
Missiles
 n - 9 stones (quivered)
Armour
 b - a +0 robe (worn)
 c - a +0 cloak (worn)
Jewellery
 e - a +3 ring of strength (left hand)
 j - a +3 ring of strength (right hand)
Scrolls
 k - a scroll of blinking
Potions
 f - 6 potions of curing
 g - 9 potions of heal wounds
 h - a potion of haste
 i - 4 potions of magic
 m - a potion of invisibility
 q - a potion of brilliance
 r - a potion of mutation
 s - 2 potions of might
 t - a potion of berserk rage


   Skills:
 * Level 6.1 Fighting
 + Level 8.8 Short Blades
 + Level 1.4 Axes
 + Level 5.8 Throwing
 * Level 9.5 Dodging
 * Level 19.2 Stealth


You had 7 spell levels left.
You didn't know any spells.
Your spell library was empty.

Dungeon Overview and Level Annotations

Branches:
Dungeon (1/1)

Altars:
Ashenzari
Cheibriados
Dithmenos
Elyvilon
Fedhas
Gozag
Hepliaklqana
Kikubaaqudgha
Makhleb
Nemelex Xobeh
Okawaru
Qazlal
Ru
Sif Muna
Trog
Uskayaw
Vehumet
Wu Jian
Xom
Yredelemnul
Zin
The Shining One
Beogh
Jiyva
Lugonu


Innate Abilities, Weirdness & Mutations

You are very small and have problems with some larger weapons.
You are too small for most types of armour.
You have supernaturally acute eyesight. (SInv)
You cover ground extremely quickly. (Speed+++)


Message History

The shadow slips into darkness.
The shadow flickers and vanishes for a moment.
Throw: 2 darts (poison)
Press: ? - help, Q - select action, (/) - cycle Shift-Dir - straight line, f/p - deep troll
Aim: a deep troll (moderately wounded, very poisoned, 66% to hit)
You throw a poisoned dart. The poisoned dart hits the deep troll.
The deep troll looks even sicker.
The deep troll is moderately wounded.
Throw: dart (poison)
Press: ? - help, Q - select action, (/) - cycle Shift-Dir - straight line, f/p - deep troll
Aim: a deep troll (moderately wounded, very poisoned, 66% to hit)
You throw a poisoned dart. The poisoned dart hits the deep troll.
The deep troll looks as sick as possible!
The deep troll is moderately wounded.
You see here a +0 dagger.
You feel much better.
Throw: 10 stones
Press: ? - help, Q - select action, (/) - cycle Shift-Dir - straight line, f/p - deep troll
Aim: a deep troll (moderately wounded, very poisoned, 66% to hit)
You throw a stone.
The stone hits the deep troll but does no damage.
The deep troll is moderately wounded.
You fade into invisibility!
The deep troll bites you but does no damage.
The deep troll barely misses you. The deep troll completely misses you.
You are very lightly contaminated with residual magic.
You slash the deep troll!
The deep troll is heavily wounded.
The deep troll barely misses you. The deep troll completely misses you.
The deep troll misses you.
You closely miss the deep troll.
The deep troll is moderately wounded.
The deep troll bites you. The deep troll barely misses you.
The deep troll claws you!
* * * LOW HITPOINT WARNING * * *
You hit the deep troll but do no damage.
The deep troll is moderately wounded.
The deep troll misses you. The deep troll claws you!
You die...
Your body crumbles into a pile of gold.

############
#_________.#
#_________.#
#_______...########
##########'##......
#.?..')))'.##......
##########)##......
#.@TWZ...((.)).....
#'#####'#####......
#.#[[#...).##......
#)#).#####'#####'##
#.#))#.....##......
#.#.)#.....##......
#.#..###'####......
#.##'#.....##...<..
#.#........##......


You could see a deep troll (very poisoned), a shadow (invisible) and a ball
python skeleton.

Vanquished Creatures
  A death yak (D)
  A tyrant leech (D)
  A jumping spider (D)
  A redback (D)
  A sky beast (D)
  A wolf (D)
  2 crimson imps (D)
  An orc priest (D)
  A gnoll shaman (D)
  Ijyb (D)
  2 gnolls (D)
  An adder (D)
  An adder skeleton (D)
  4 orcs (D)
  A ball python (D)
  A bat zombie (D)
  A giant cockroach (D)
  A goblin (D)
  2 hobgoblins (D)
  2 quokkas (D)
  A ball python skeleton (D)
  A frilled lizard (D)
  A jackal skeleton (D)
30 creatures vanquished.

Notes
Turn   | Place    | Note
-------+----------+-------------------------------------------
     0 | D        | styxcanada the Spriggan Brigand began the quest for the
                  | Orb.
     0 | D        | Reached XP level 1. HP: 10/10 MP: 2/2
    12 | D        | Reached skill level 6 in Stealth
    14 | D        | Found a bloodstained altar of Trog.
    14 | D        | Found a shimmering blue altar of Sif Muna.
    14 | D        | Found a viscous altar of Jiyva.
    14 | D        | Found a hazy altar of Hepliaklqana.
    14 | D        | Found an opulent altar of Gozag.
    15 | D        | Found a glowing golden altar of the Shining One.
    15 | D        | Found a glowing silver altar of Zin.
    15 | D        | Found a basalt altar of Yredelemnul.
    15 | D        | Found a shimmering altar of Xom.
    15 | D        | Found an ornate altar of the Wu Jian Council.
    15 | D        | Found a sacrificial altar of Ru.
    15 | D        | Found a stormy altar of Qazlal.
    15 | D        | Found an iron altar of Okawaru.
    15 | D        | Found a sparkling altar of Nemelex Xobeh.
    15 | D        | Found a burning altar of Makhleb.
    15 | D        | Found a blossoming altar of Fedhas.
    15 | D        | Found a white marble altar of Elyvilon.
    15 | D        | Found a shadowy altar of Dithmenos.
    15 | D        | Found a snail-covered altar of Cheibriados.
    16 | D        | Found a radiant altar of Vehumet.
    16 | D        | Found a corrupted altar of Lugonu.
    17 | D        | Found an ancient bone altar of Kikubaaqudgha.
    17 | D        | Found a hide-covered altar of Uskayaw.
    17 | D        | Found a broken altar of Ashenzari.
    19 | D        | Became a worshipper of Gozag Ym Sagoz the Greedy
    62 | D        | Reached skill level 7 in Stealth
    75 | D        | Reached skill level 8 in Stealth
    75 | D        | Reached XP level 2. HP: 15/15 MP: 3/3
    96 | D        | Reached skill level 9 in Stealth
   262 | D        | Noticed a wolf
   263 | D        | Noticed a crimson imp
   264 | D        | Noticed Ijyb
   299 | D        | Killed a wolf
   300 | D        | Reached skill level 12 in Stealth
   300 | D        | Reached XP level 3. HP: 19/19 MP: 4/4
   300 | D        | Reached XP level 4. HP: 23/23 MP: 5/5
   421 | D        | Killed Ijyb
   542 | D        | Reached skill level 5 in Dodging
   542 | D        | Reached skill level 13 in Stealth
   542 | D        | Reached XP level 5. HP: 12/28 MP: 6/6
   761 | D        | Noticed a death yak
   766 | D        | Killed a death yak
   767 | D        | Reached skill level 5 in Fighting
   767 | D        | Reached skill level 17 in Stealth
   767 | D        | Reached XP level 6. HP: 35/35 MP: 7/7
   767 | D        | Reached XP level 7. HP: 39/39 MP: 8/8
   773 | D        | Noticed a redback
   773 | D        | Noticed a tyrant leech
   778 | D        | Reached skill level 18 in Stealth
   779 | D        | Killed a redback
   780 | D        | Reached skill level 5 in Throwing
   780 | D        | Reached XP level 8. HP: 44/44 MP: 9/9
   834 | D        | Killed a tyrant leech
  1211 | D        | Noticed a jumping spider
  1243 | D        | Killed a jumping spider
  1244 | D        | Reached skill level 1 in Axes
  1244 | D        | Reached skill level 19 in Stealth
  1351 | D        | Noticed a deep troll
  1383 | D        | HP: 1/44 [shadow (8)]
  1405 | D        | Slain by a deep troll

Illustrated notes

Levels and vault maps discovered:
D:        pitsprint [storerooms_1, entrance_room_1, metal_vault_2, armoury_2,
          mini_pit_1, grid_room_1, main_hall_1, silver_pit, the_coven_1,
          the_vestibule_1, steel_vault_1, golden_pit, hallway_of_sentries,
          crystal_vault_2, iron_vault_2, final_vault]

Skill      XL: |  1  2  3  4  5  6  7  8 |
---------------+-------------------------+-----
Dodging        | 2 4 5 7 8 9 |  9.5
Stealth        | 8 12 13 17 18 19 | 19.2
Fighting       | 2 3 5 6 |  6.1
Short Blades   | 3 4 7 8 |  8.8
Throwing       | 3 4 5 |  5.8
Axes           | 1 |  1.4

Action                   |  1- 3 |  4- 6 |  7- 9 || total
-------------------------+-------+-------+-------++-------
Melee: Dagger            |    27 |    89 |    54 ||   170
       Hand axe          |       |       |    53 ||    53
       Scimitar          |       |       |     6 ||     6
Throw: Dart              |     7 |     6 |    24 ||    37
       Stone             |       |       |     3 ||     3
  Use: Potion            |     2 |     1 |     4 ||     7
 Stab: Sleeping          |     7 |     2 |     3 ||    12
       Distracted        |       |       |     2 ||     2
Armor: Robe              |       |     7 |     7 ||    14
Dodge: Dodged            |    22 |    45 |    94 ||   161
       Rpst.: Scimitar   |       |       |     1 ||     1
